[Event "Early-Titled-Tuesday-Blitz-May-07-2024"]
[Site "Chess.com"]
[Date "2024.05.07"]
[Round "7"]
[White "Amiciterno"]
[Black "lefonghua"]
[Result "0-1"]
[WhiteElo "2415"]
[BlackElo "2570"]
[TimeControl "180+1"]
[EndTime "9:21:51 PDT"]
[Termination "lefonghua won by checkmate"]

1. Nf3 Nf6 2. d4 g6 3. c4 Bg7 4. Nc3 O-O 5. e4 d6 6. Be2 Bg4 7. O-O Nfd7 8. Be3 c5 9. Rc1 Bxf3 10. Bxf3 Nc6 11. d5 Nd4 12. Be2 e5 13. dxe6 fxe6 14.
Nb5 Qb6 15. Bg4 Rae8 16. Qa4 Ne5 17. Bd1 a6 18. Nxd4 cxd4 19. Bd2 Qxb2 20. Rc2 Qb6 21. Ba5 Qc6 22. Qb4 Nd3 23. Qd2 Nc5 24. f3 e5 25.
Rb2 b5 26. cxb5 axb5 27. Be2 Rb8 28. Rfb1 Kh8 29. Bxb5 Qc8 30. Bc4 Rxb2 31. Qxb2 Bh6 32. Bd5 Be3+ 33. Kf1 d3 34. Bd2 Bd4 35. Qb6 Nxe4 36.
Bxe4 Bxb6 37. Rxb6 Qc2 38. Ke1 Qc5 39. Rc6 Qg1# 0-1

[Event "Early-Titled-Tuesday-Blitz-May-07-2024"]
[Site "Chess.com"]
[Date "2024.05.07"]
[Round "7"]
[White "FairChess_on_YouTube"]
[Black "FXDon77"]
[Result "1-0"]
[WhiteElo "3088"]
[BlackElo "2878"]
[TimeControl "180+1"]
[EndTime "9:21:52 PDT"]
[Termination "FairChess_on_YouTube won by resignation"]

1. d4 Nf6 2. c4 e6 3. Nf3 d5 4. Bg5 Bb4+ 5. Nc3 h6 6. Bxf6 Qxf6 7. Qa4+ Nc6 8. e3 O-O 9. Rc1 Rd8 10. Be2 Bd7 11. Qb3 dxc4 12. Qxc4 Qe7 13. O-O a6 14. a3 Bd6 15. Ne4 e5 16. d5 Na7 17.
Nxd6 cxd6 18. Qc7 Rab8 19. Qb6 Nc8 20. Qc7 Na7 21. Nd2 Qf8 22. Qb6 Nc8 23. Qc7 Na7 24. Ne4 Bb5 25. Bxb5 Nxb5 26. Qb6 f5 27. Nd2 Ra8 28.
a4 Na7 29. Rc7 Rdc8 30. Rfc1 Rxc7 31. Rxc7 Rc8 32. Qxb7 Rxc7 33. Qxc7 Nc8 34. b4 Qe8 35. b5 axb5 36. axb5 Ne7 37. Qxd6 Qxb5 38. Qxe7 Qxd5 39. Qb4 e4 40. Qc4 Qxc4 41. Nxc4 1-0

[Event "Early-Titled-Tuesday-Blitz-May-07-2024"]
[Site "Chess.com"]
[Date "2024.05.07"]
[Round "7"]
[White "PawnEatingZombie"]
[Black "dianamirza"]
[Result "1-0"]
[WhiteElo "2232"]
[BlackElo "1928"]
[TimeControl "180+1"]
[EndTime "9:21:52 PDT"]
[Termination "PawnEatingZombie won by resignation"]

1. e4 d5 2. exd5 Qxd5 3. Nc3 Qd8 4. Bc4 Nf6 5. d3 a6 6. a4 e6 7. Nge2 Bd6 8. h3 O-O 9. O-O Nc6 10. Ng3 Ne5 11. Bb3 c5 12. d4 cxd4 13. Qxd4 Nc6 14.
Qh4 Bxg3 15. Qxg3 Nd4 16. Be3 Ne4 17. Qh2 Nxc3 18. bxc3 Ne2+ 19. Kh1 Nxc3 20. Qe5 Qf6 21. Qxf6 gxf6 22. Bd4 Ne4 23. Rfe1 f5 24. f3 Ng3+ 25. Kh2 Nh5 26. g4 fxg4 27. hxg4 Nf4 28. Kg3 Ng6 29. Bf6 Bd7 30. Rh1 Bc6 31. Rh6 Rfc8 32. Rah1 Nf8 33. R1h5 b5 34. Rg5+ Ng6 35. Rgh5 Nf8 36.
axb5 Bxb5 37. c4 Bxc4 38. Bc2 Ng6 39. Rxh7 1-0

[Event "Early-Titled-Tuesday-Blitz-May-07-2024"]
[Site "Chess.com"]
[Date "2024.05.07"]
[Round "7"]
[White "Chessdude1987"]
[Black "Let_it_be_1"]
[Result "1-0"]
[WhiteElo "2377"]
[BlackElo "2600"]
[TimeControl "180+1"]
[EndTime "9:21:53 PDT"]
[Termination "Chessdude1987 won on time"]

1. e4 e6 2. d3 d5 3. Nd2 Nf6 4. Be2 Nc6 5. c3 e5 6. h3 a5 7.
a4 Bc5 8. Ngf3 O-O 9. Qc2 Ba7 10. g4 Re8 11. Nf1 dxe4 12. dxe4 Nd7 13. Ng3 Nc5 14. Be3 Be6 15. Rd1 Qc8 16. Nf5 Bb3 17. Qb1 Bxd1 18.
Bxd1 Qe6 19. O-O Rad8 20. Nd2 Nd3 21. Bb3 Qf6 22. Bd5 Bb6 23. Qxd3 Ne7 24. Bxb6 Nxd5 25. exd5 Qxb6 26. Nc4 Qc5 27. Nce3 c6 28. d6 g6 29.
Ne7+ Kf8 30. Rd1 Rd7 31. Qc4 Qb6 32. b4 axb4 33. cxb4 1-0

[Event "Early-Titled-Tuesday-Blitz-May-07-2024"]
[Site "Chess.com"]
[Date "2024.05.07"]
[Round "7"]
[White "MITerryble"]
[Black "GMAkobianSTL"]
[Result "1-0"]
[WhiteElo "3031"]
[BlackElo "2801"]
[TimeControl "180+1"]
[EndTime "9:21:56 PDT"]
[Termination "MITerryble won on time"]

1. d4 e6 2. c4 f5 3. g3 Nf6 4. Bg2 d5 5. Nh3 c6 6. O-O Bd6 7. Qc2 O-O 8. Bf4 Be7 9. Rd1 Ne4 10. f3 Nd6 11. Nd2 g5 12. Be5 Nd7 13. Bxd6 Bxd6 14. e4 g4 15. fxg4 fxe4 16. g5 Qe7 17. Rf1 Rxf1+ 18.
Rxf1 Nf8 19. Nf4 Qxg5 20. Bxe4 Bd7 21. Bg2 Ng6 22. Nf3 Qf5 23. Qxf5 exf5 24. Nh5 Rf8 25.
cxd5 cxd5 26. Ng5 Ne7 27. Nf4 h6 28. Ngh3 Bc6 29. Re1 Rf6 30. Nh5 Rf7 31. N3f4 Kh7 32.
Re6 Bxf4 33. Nxf4 Bd7 34. Rd6 Nc6 35. Bxd5 Re7 36. Bf3 Be8 37. Kf2 1-0

[Event "Early-Titled-Tuesday-Blitz-May-07-2024"]
[Site "Chess.com"]
[Date "2024.05.07"]
[Round "7"]
[White "viktorskliarov"]
[Black "Rakhmanov_Aleksandr"]
[Result "1-0"]
[WhiteElo "2658"]
[BlackElo "2843"]
[TimeControl "180+1"]
[EndTime "9:21:56 PDT"]
[Termination "viktorskliarov won on time"]

1. e4 d5 2. exd5 c6 3. dxc6 Nxc6 4. Bc4 e5 5. Nc3 Nf6 6. Nge2 Bc5 7. h3 a6 8. d3 h6 9. a3 O-O 10. Ng3 b5 11. Ba2 Bb7 12. Be3 Nd4 13. Nce4 Bb6 14. c3 Nxe4 15. dxe4 Ne6 16. Qxd8 Bxd8 17. O-O-O Nf4 18.
Rhg1 Bh4 19. Bxf4 exf4 20. Nf5 Bxf2 21. Rgf1 Bxe4 22. Ne7+ Kh7 23. Rxf2 g5 24. Re2 f5 25. Bd5 Rad8 26. Bxe4 Rxd1+ 27. Kxd1 fxe4 28. Rxe4 f3 29. gxf3 Rxf3 30. h4 Rf1+ 31. Kc2 Rf2+ 32. Kb3 Kg7 33. hxg5 hxg5 34. Nd5 Rf6 35. Nxf6 1-0

[Event "Early-Titled-Tuesday-Blitz-May-07-2024"]
[Site "Chess.com"]
[Date "2024.05.07"]
[Round "7"]
[White "MikeWizard"]
[Black "Navyblue1"]
[Result "1-0"]
[WhiteElo "2054"]
[BlackElo "2232"]
[TimeControl "180+1"]
[EndTime "9:21:56 PDT"]
[Termination "MikeWizard won by resignation"]

1. d4 Nf6 2. c4 g6 3. Nc3 Bg7 4.
e4 d6 5. h3 O-O 6. Be3 c5 7.
d5 e6 8. Nf3 exd5 9. cxd5 Re8 10. Nd2 b5 11. Bxb5 Bd7 12. Bxd7 Nbxd7 13. O-O Rb8 14.
Qc2 Qa5 15. Nc4 Qa6 16. b3 Nxe4 17. Nxe4 Bxa1 18. Rxa1 Re7 19. Nexd6 f6 20. Rd1 Rf8 21. Ne4 Rc8 22. d6 Re6 23. Qd3 Qc6 24. Qd5 Qxd5 25. Rxd5 Rxe4 26. f3 Re6 27. Kf2 Kf7 28. g4 g5 29. Bd2 Rc6 30. f4 gxf4 31. Bxf4 Ra6 32. a4 Rc6 33. Rd3 Rc8 34. Kf3 Rb8 35. Ne3 Rd8 36.
Nf5 Ne5+ 37. Bxe5 Rxe5 38. Kf4 Ke6 39. Ng7+ Kf7 40. Nf5 Rd7 41. h4 Kg6 42. h5+ Kf7 43. g5 fxg5+ 44. Kxe5 g4 45. Rg3 1-0

[Event "Early-Titled-Tuesday-Blitz-May-07-2024"]
[Site "Chess.com"]
[Date "2024.05.07"]
[Round "7"]
[White "NowInChess"]
[Black "OppieZippy"]
[Result "1/2-1/2"]
[WhiteElo "2242"]
[BlackElo "2359"]
[TimeControl "180+1"]
[EndTime "9:21:56 PDT"]
[Termination "Game drawn by stalemate"]

1. e4 h6 2. d3 c6 3. g3 d5 4. Nd2 g6 5. Bg2 Bg7 6. Ngf3 Nf6 7. O-O O-O 8. Re1 dxe4 9. dxe4 Qc7 10. Qe2 Be6 11. h3 c5 12. c3 Nc6 13. Nc4 Rad8 14.
Bf4 Qc8 15. Rad1 Nh5 16. Be3 b6 17. Kh2 Nf6 18. Nh4 Rxd1 19. Rxd1 Rd8 20. Rxd8+ Qxd8 21. f4 b5 22. Nd2 Qb6 23. b4 Bxa2 24. Bxc5 Qd8 25. e5 Nd5 26. Qxb5 Nxc3 27. Qxc6 Qxd2 28.
Nf3 Qe2 29. Bxa7 Nd1 30. Ng1 Qb2 31. Qf3 Nc3 32. Bd4 Qxb4 33. Qxc3 Qb8 34. Qb2 Qxb2 35. Bxb2 Be6 36. Nf3 Kf8 37. Nd4 Bd7 38. Ba3 Ke8 39. Nc6 Bf8 40. Kg1 Be6 41. Kf2 Kd7 42. Ke3 Bc4 43. Nd4 Ba2 44. Be4 Bg7 45. Bd3 Ke8 46.
Bb5+ Kf8 47. Nc6 Be6 48. Bxe7+ Kg8 49. Bf6 h5 50. Bxg7 Kxg7 51. Nd4 Bxh3 52. Bc4 Kf8 53. Nf3 Bd7 54. Ng5 Be8 55. Kd4 Ke7 56. Kc5 f6 57. exf6+ Kxf6 58. Bd3 Bd7 59. Kd6 Kg7 60. Kxd7 Kf6 61.
Kd6 h4 62. Kd5 Kg7 63. Be4 Kh6 64. Bg2 hxg3 65. Bf3 Kg7 66. Bg2 Kf6 67. Ke4 Kg7 68. Kf3 Kh6 69. Kxg3 Kg7 70. Kf3 Kf6 71. Ke4 Kg7 72. Ke5 Kf8 73. Be4 Kg7 74. Ke6 Kh6 75. Kf6 Kh5 76. Bxg6+ Kh6 77. f5 1/2-1/2

[Event "Early-Titled-Tuesday-Blitz-May-07-2024"]
[Site "Chess.com"]
[Date "2024.05.07"]
[Round "7"]
[White "stratacticos"]
[Black "NM_Antelacus"]
[Result "0-1"]
[WhiteElo "1845"]
[BlackElo "2267"]
[TimeControl "180+1"]
[EndTime "9:21:56 PDT"]
[Termination "NM_Antelacus won on time"]

1. e4 c5 2. d4 cxd4 3. Bc4 Nc6 4. Nf3 e6 5. O-O Bc5 6. c3 dxc3 7. Nxc3 d6 8. Qe2 Nge7 9. Bg5 a6 10. Rfd1 Qc7 11.
Rac1 Qb8 12. a3 O-O 13. b4 Ba7 14. b5 axb5 15. Nxb5 Bc5 16. Nfd4 Nxd4 17. Nxd4 Ng6 18. Nb5 Bxa3 19. Nxa3 Rxa3 20. h4 h6 21. h5 hxg5 22.
hxg6 fxg6 23. Qg4 Rf6 24. Qxg5 Qa7 25. Rc2 Ra1 26. Rxa1 Qxa1+ 27. Kh2 Bd7 28. f4 Qd4 29. e5 dxe5 30. fxe5 Qf4+ 31. Qxf4 Rxf4 32. Bd3 g5 33. g3 Rd4 34. Bg6 Bc6 0-1

[Event "Early-Titled-Tuesday-Blitz-May-07-2024"]
[Site "Chess.com"]
[Date "2024.05.07"]
[Round "7"]
[White "jaramsdal"]
[Black "VacheH009"]
[Result "0-1"]
[WhiteElo "2414"]
[BlackElo "2573"]
[TimeControl "180+1"]
[EndTime "9:21:57 PDT"]
[Termination "VacheH009 won by resignation"]

1. e4 e6 2. d4 d5 3. Nd2 c5 4.
exd5 Qxd5 5. Ngf3 cxd4 6. Bc4 Qd6 7. O-O Nf6 8. Re1 Nc6 9. Ne4 Nxe4 10. Rxe4 Qc5 11. Bb3 Be7 12. Nxd4 Nxd4 13. Rxd4 O-O 14. Be3 Qf5 15. c3 e5 16. Rd2 Bg5 17. Bc2 Qf6 18. Qh5 h6 19. Bxg5 Qxg5 20. Qxg5 hxg5 21. Re1 f6 22. Bb3+ Kh7 23. Bd5 Rb8 24. g3 Bf5 25. Bf3 g4 26. Be4 Kg6 27. Bxf5+ Kxf5 28. Rd7 Rfd8 29. Red1 Rxd7 30. Rxd7 g6 31. Kg2 a5 32.
h4 gxh3+ 33. Kxh3 b6 34. Rd6 b5 35. Rd5 Ke6 36. Rc5 Kd6 37. b4 axb4 38. cxb4 Ra8 39. Rxb5 Rxa2 40. Rb6+ Ke7 41. f3 Rb2 42. g4 Rb3 43.
Kg3 e4 44. Rb7+ Ke6 45. Rb6+ Ke5 46. Rb5+ Kd4 47. Rb6 Rxf3+ 48. Kg2 Ke5 49. Rb5+ Kf4 50. g5 f5 51. Rc5 Rb3 52. Rc6 Kxg5 53. b5 Rxb5 0-1

[Event "Early-Titled-Tuesday-Blitz-May-07-2024"]
[Site "Chess.com"]
[Date "2024.05.07"]
[Round "7"]
[White "Happy1712Drummer"]
[Black "Acva-Alenok"]
[Result "1-0"]
[WhiteElo "2516"]
[BlackElo "2348"]
[TimeControl "180+1"]
[EndTime "9:21:57 PDT"]
[Termination "Happy1712Drummer won by resignation"]

1. e4 c6 2. d4 d5 3. Nc3 dxe4 4. Nxe4 Bf5 5. Ng3 Bg6 6. h4 h6 7. Nf3 Nd7 8. h5 Bh7 9. Bd3 Bxd3 10. Qxd3 e6 11. Bd2 Ngf6 12. O-O-O Be7 13. Ne4 Nxe4 14. Qxe4 Nf6 15. Qe2 Qd5 16. c4 Qe4 17. Rde1 Qxe2 18.
Rxe2 O-O 19. Ne5 Rfc8 20. g4 c5 21. dxc5 Rxc5 22. f4 Rc7 23. g5 hxg5 24. fxg5 Ng4 25. b3 Nxe5 26. Rxe5 Bd6 27. Re4 b5 28. h6 bxc4 29.
bxc4 Rac8 30. Rhh4 Bg3 31. Rhg4 Bf2 32. Bc3 g6 33. h7+ Kxh7 34. Rh4+ 1-0

[Event "Early-Titled-Tuesday-Blitz-May-07-2024"]
[Site "Chess.com"]
[Date "2024.05.07"]
[Round "7"]
[White "bazar-wokzal"]
[Black "Abund"]
[Result "1/2-1/2"]
[WhiteElo "2593"]
[BlackElo "2754"]
[TimeControl "180+1"]
[EndTime "9:21:59 PDT"]
[Termination "Game drawn by repetition"]

1. e4 c6 2. d4 d5 3. f3 Qb6 4. Nc3 dxe4 5. fxe4 e5 6. Nf3 exd4 7. Qxd4 Qxd4 8.
Nxd4 Bd6 9. Bc4 Nd7 10. O-O Ne5 11. Bb3 Ne7 12. Bf4 N7g6 13. Bg3 h5 14. h3 f6 15.
Rad1 Bc5 16. Kh1 Bd7 17. Nf5 Bf8 18. Ne2 O-O-O 19. Nd6+ Bxd6 20. Rxd6 Kc7 21. Rfd1 Bc8 22. Rxd8 Rxd8 23. Rxd8 Kxd8 24. Nf4 Nxf4 25. Bxf4 Ke7 26. Bxe5 fxe5 27. h4 Kd6 28. Kg1 Kc5 29. c3 Bg4 30.
Kf2 a5 31. Ke3 b5 32. Bf7 b4 33. a3 Kb5 34. cxb4 axb4 35. Be8 bxa3 36. bxa3 Ka4 37. Bxc6+ Kxa3 38. Be8 Kb3 39. Bf7+ Kc2 40. Be8 Kd1 41. Bb5 Ke1 42. Bc4 Bd1 43. Bb5 Bg4 44. Bc4 Kd1 45. Bb3+ Ke1 46. Bc4 1/2-1/2

[Event "Early-Titled-Tuesday-Blitz-May-07-2024"]
[Site "Chess.com"]
[Date "2024.05.07"]
[Round "7"]
[White "kyawmyataung2005"]
[Black "PonyQueen07"]
[Result "1-0"]
[WhiteElo "2289"]
[BlackElo "2131"]
[TimeControl "180+1"]
[EndTime "9:21:59 PDT"]
[Termination "kyawmyataung2005 won by checkmate"]

1. e4 c5 2. Nf3 Nc6 3. d4 cxd4 4. Nxd4 Nf6 5. Nc3 e5 6. Ndb5 d6 7. Bg5 a6 8. Na3 b5 9. Bxf6 gxf6 10. Nd5 Bg7 11.
Bd3 Ne7 12. Ne3 O-O 13. c3 Be6 14. O-O Qb6 15. Nac2 Rad8 16. Nb4 Ng6 17. Nbd5 Qb7 18. g3 Bh3 19. b4 Ne7 20. Qh5 Be6 21. Qf3 f5 22. Nxe7+ Qxe7 23. exf5 Bc8 24. Nd5 Qg5 25. h4 Qh6 26. f6 Bxf6 27. Nxf6+ Kh8 28. Bxh7 Qg7 29.
Be4 Qh6 30. Kg2 d5 31. Bxd5 Rxd5 32. Nxd5 Bb7 33. Rad1 Rd8 34. Kg1 Qe6 35. Qf6+ Kg8 36. Qxd8+ Kg7 37. Qg5+ Kf8 38. Nf6 Ke7 39. Ng8+ Kf8 40.
Rd8+ Qe8 41. Rxe8+ Kxe8 42. Qe7# 1-0

[Event "Early-Titled-Tuesday-Blitz-May-07-2024"]
[Site "Chess.com"]
[Date "2024.05.07"]
[Round "7"]
[White "Baku_Boulevard"]
[Black "IwkooO"]
[Result "1-0"]
[WhiteElo "3010"]
[BlackElo "2698"]
[TimeControl "180+1"]
[EndTime "9:22:00 PDT"]
[Termination "Baku_Boulevard won by resignation"]

1. e4 c5 2. Nf3 e6 3. c3 d5 4. e5 d4 5. g3 Bd7 6. Bg2 Bc6 7. O-O Ne7 8. Re1 Nf5 9. d3 Be7 10. cxd4 Nxd4 11. Nbd2 O-O 12. Ne4 Bxe4 13. Rxe4 Nbc6 14. Nxd4 Nxd4 15. Be3 Nf5 16. Bf4 Qd7 17. Rc1 Rfd8 18.
Qb3 Rac8 19. Ree1 b6 20. Be4 Nd4 21. Qd1 Qb5 22. b3 Rd7 23. h4 Nc6 24. Qg4 Nb4 25.
h5 Bf8 26. Rcd1 Nxa2 27. Bh6 Kh8 28. Bg5 Nc3 29. h6 g6 30. Ra1 Nxe4 31. dxe4 Qxb3 32. Red1 Qb5 33. Qf3 Kg8 34. Rd6 Rxd6 35. exd6 Bxd6 36.
Rxa7 Qe8 37. Bf6 Bf8 38. Be5 Be7 39. Bf6 Bf8 40. Bb2 e5 41. Bxe5 f5 42. exf5 Qxe5 43. fxg6 Qe6 44. gxh7+ Kh8 45. Qc3+ 1-0

[Event "Early-Titled-Tuesday-Blitz-May-07-2024"]
[Site "Chess.com"]
[Date "2024.05.07"]
[Round "7"]
[White "yashami"]
[Black "Flaccidmoves"]
[Result "1-0"]
[WhiteElo "779"]
[BlackElo "2381"]
[TimeControl "180+1"]
[EndTime "9:22:01 PDT"]
[Termination "yashami won on time"]

1. e4 e5 2. Nf3 Nf6 3. Nxe5 Nc6 4. Nxc6 dxc6 5. d3 Bc5 6. c3 Nxe4 7. d4 Bd6 8. Bd3 Qh4 9. g3 Nxg3 10. fxg3 Bxg3+ 11. Kd2 Bf4+ 12. Kc2 O-O 13. Bxf4 Qxf4 14. Nd2 Bf5 15. Qf3 Bxd3+ 16. Kxd3 Qg5 17. Rhg1 Qb5+ 18. Kc2 f5 19. Rae1 Rae8 20. Qg3 g6 21. Qxc7 Qa4+ 22. Kb1 Qb5 23. Qd7 Qd3+ 24. Kc1 Re2 25. Rxe2 Qxe2 26. Qxb7 Qxh2 27.
Re1 Rf7 28. Re8+ Kg7 29. Qc8 Kh6 30. Qxc6 f4 31. Qf3 Qg3 32. Qh1+ Kg5 33. Ne4+ Kg4 34. Nxg3 fxg3 35. Re4+ Rf4 36. Rxf4+ Kxf4 37. Qxh7 g2 38. Qxg6 Kf3 39. d5 Kf2 40. d6 Ke1 41. Qxg2 a5 42. Qe4+ Kf1 43. d7 a4 44. d8=Q a3 45. Qf6+ 1-0

[Event "Early-Titled-Tuesday-Blitz-May-07-2024"]
[Site "Chess.com"]
[Date "2024.05.07"]
[Round "7"]
[White "FREDERICKtheMATE"]
[Black "Kacparov"]
[Result "0-1"]
[WhiteElo "2706"]
[BlackElo "2908"]
[TimeControl "180+1"]
[EndTime "9:22:02 PDT"]
[Termination "Kacparov won by checkmate"]

1. d4 Nf6 2. c4 e6 3. Nf3 Bb4+ 4.
Bd2 a5 5. e3 O-O 6. Bd3 b6 7. O-O Bb7 8. Nc3 Bxc3 9. Bxc3 Ne4 10. Be1 d6 11. Nd2 Nxd2 12. Bxd2 f5 13. Bc3 Nd7 14. f3 Qg5 15. Qd2 Rae8 16. Rae1 e5 17. f4 exf4 18. exf4 Qg6 19. d5 Nc5 20. Bc2 Bc8 21.
Rxe8 Rxe8 22. Re1 Ne4 23. Bxe4 fxe4 24. Re3 Re7 25. Rg3 Qf5 26. Qd4 Qf8 27. h3 Bf5 28. Re3 h5 29. b3 Kh7 30. Rg3 Bg6 31. Qe3 Rf7 32. Rg5 Rxf4 33. Qg3 Rf1+ 34. Kh2 Qf7 35.
Bd4 Rd1 36. Be3 Rd3 37. Qe1 Qf6 38. Qg3 Rd1 39. Bf2 Rd2 40. Be3 Rxa2 41. h4 Re2 42.
Bc1 Rc2 43. Bf4 a4 44. bxa4 Rxc4 45. Bd2 Rxa4 46. Bc3 Qf7 47. Qe3 Rc4 48. Bb2 Rc5 49.
Qd4 Rc2 50. Ba1 b5 51. Qb4 Qf4+ 52. Kh3 Bf5+ 53. Rxf5 Qxf5+ 54. Kh2 Qf4+ 55. Kh3 Qg4+ 56. Kh2 Qxg2# 0-1

[Event "Early-Titled-Tuesday-Blitz-May-07-2024"]
[Site "Chess.com"]
[Date "2024.05.07"]
[Round "7"]
[White "Kotofeyca"]
[Black "ChessSwole"]
[Result "1-0"]
[WhiteElo "2514"]
[BlackElo "2628"]
[TimeControl "180+1"]
[EndTime "9:22:02 PDT"]
[Termination "Kotofeyca won by resignation"]

1. d4 d5 2. c4 dxc4 3. Nf3 Nf6 4. e3 e6 5. Bxc4 a6 6. O-O c5 7. Nc3 Nc6 8. Qe2 b5 9. Bb3 cxd4 10. Rd1 Bb7 11.
exd4 Nb4 12. a4 Be7 13. axb5 O-O 14. Bg5 Qb6 15. Ne5 Nbd5 16. Nxd5 Bxd5 17. Bxd5 Nxd5 18.
Bxe7 Nxe7 19. Nd7 Qxb5 20. Qxb5 axb5 21. Nxf8 Rxf8 22. Ra7 Nd5 23. Rda1 g5 24. Kf1 Kg7 25. Ra8 Rxa8 26. Rxa8 Kf6 27. Rh8 Kg7 28. Rb8 b4 29. Ke2 Kg6 30. g4 h5 31. h3 Nf4+ 32. Kf3 hxg4+ 33. hxg4 Nd5 34. Ke4 Kf6 35. Kd3 Ke7 36. Kc4 Kd6 37. Rxb4 Nxb4 38. Kxb4 f5 39. f3 e5 40. dxe5+ Kxe5 41. Kc5 fxg4 42. fxg4 Kf4 43. b4 Kxg4 44. b5 Kf3 45. b6 g4 46. b7 g3 47. b8=Q g2 48. Qb1 Kf2 49. Qc2+ Kf1 50. Qd1+ Kf2 51. Qd2+ Kf1 52. Qf4+ Ke2 53. Qg3 Kf1 54.
Qf3+ Ke1 55. Qxg2 1-0

[Event "Early-Titled-Tuesday-Blitz-May-07-2024"]
[Site "Chess.com"]
[Date "2024.05.07"]
[Round "7"]
[White "talaicito"]
[Black "dennisodessa"]
[Result "0-1"]
[WhiteElo "2385"]
[BlackElo "2553"]
[TimeControl "180+1"]
[EndTime "9:22:03 PDT"]
[Termination "dennisodessa won on time"]

1. d4 Nf6 2. Nc3 d5 3. Bf4 e6 4. e3 c5 5. Nb5 Na6 6. c3 Be7 7. Nf3 O-O 8. Ne5 Bd7 9. a4 Bxb5 10. axb5 Nc7 11. Bd3 c4 12. Bc2 Nxb5 13. g4 Nd6 14.
Rg1 Nfe4 15. g5 Bxg5 16. Bxg5 Nxg5 17. Qh5 Nde4 18. f3 g6 19. Qg4 Nd6 20. Qxg5 Qxg5 21. Rxg5 f6 22. Rg2 fxe5 23. dxe5 Nf5 24. Ke2 Rf7 25.
f4 a5 26. e4 Ne7 27. Ke3 b6 28. h4 Raf8 29. Rf1 dxe4 30. Bxe4 Nf5+ 31. Bxf5 Rxf5 32. Ke4 Rd8 33. Rff2 Kf7 34. Rg5 Rd3 35. Rgg2 Ke7 36. Rd2 Rh5 0-1

[Event "Early-Titled-Tuesday-Blitz-May-07-2024"]
[Site "Chess.com"]
[Date "2024.05.07"]
[Round "7"]
[White "kritipatel"]
[Black "NovakRatko"]
[Result "1-0"]
[WhiteElo "2204"]
[BlackElo "2415"]
[TimeControl "180+1"]
[EndTime "9:22:03 PDT"]
[Termination "kritipatel won by resignation"]

1. d4 d5 2. Bf4 c5 3. e3 Nc6 4. c3 cxd4 5. exd4 f6 6. Nf3 Bg4 7. Be2 e6 8. Nbd2 Bd6 9. Bg3 Bh5 10. O-O Nge7 11. Qc2 Rc8 12. Rae1 O-O 13. Bd3 Kh8 14. Rxe6 Nb4 15. Qb1 Bxg3 16. cxb4 Bd6 17. a3 Qd7 18. Rfe1 Bf7 19. R6e3 Ng6 20. Bf5 Qc7 21. Bxc8 Rxc8 22. Nb3 Rf8 23. Rc3 Qd7 24. Nc5 Qg4 25. Nxb7 Nf4 26.
g3 Bg6 27. Qd1 Bb8 28. Nh4 Nh3+ 29. Kg2 Nf4+ 30. Kh1 Qh3 31. gxf4 Qxh4 32. Qf3 Be4 33. Rxe4 dxe4 34. Qxe4 Qxf2 35. Qg2 Qxf4 36. Rh3 Qc1+ 37. Qg1 Qxb2 38. Nc5 Qe2 39. Nd7 Rd8 40. Nxb8 Rxb8 41. Rg3 g6 42. Rg2 Qe4 43. Qf1 Rd8 44. Qxf6+ Kg8 45.
Qxd8+ Kg7 46. Qd7+ Kh6 47. Qh3+ Kg7 48. Qg3 Qxd4 49.
Re2 Qd1+ 50. Re1 Qd5+ 51. Qg2 Qd6 52. h3 h5 53. Qe4 Qg3 54. Qe5+ Qxe5 55. Rxe5 Kf6 56.
Ra5 1-0

[Event "Early-Titled-Tuesday-Blitz-May-07-2024"]
[Site "Chess.com"]
[Date "2024.05.07"]
[Round "7"]
[White "Matsanovic"]
[Black "K_A_S_T_O_R"]
[Result "0-1"]
[WhiteElo "2591"]
[BlackElo "2860"]
[TimeControl "180+1"]
[EndTime "9:22:04 PDT"]
[Termination "K_A_S_T_O_R won by resignation"]

1. e4 e6 2. Qe2 Ne7 3. Nf3 c5 4. g3 Nbc6 5. Bg2 d5 6. d3 g6 7. O-O Bg7 8. c3 h6 9. h4 b6 10. e5 Ba6 11. Bf4 g5 12. hxg5 Ng6 13. Qe3 Nxf4 14.
gxf4 hxg5 15. fxg5 Qc7 16. Re1 O-O-O 17. Nbd2 Rh5 18.
d4 cxd4 19. cxd4 Kb8 20. Rac1 Rc8 21. Rc3 Qd7 22. Rec1 Ne7 23. Qf4 Rxc3 24. Rxc3 Nf5 25. Nf1 Rh8 26. Ng3 Nxg3 27. Qxg3 Be2 28. Qf4 Bf8 29.
Bf1 Bxf1 30. Kxf1 Bb4 31. Rc2 b5 32. Kg2 Rg8 33. Kg3 Ba5 34. Rc1 Bc7 35. Qf6 Rg6 36.
Qh8+ Kb7 37. Kf4 Qe7 38. a3 f6 39. gxf6 Rxf6+ 40. Ke3 Rf8 41. Qh5 Qg7 42. Rg1 Rxf3+ 43. Kxf3 Qxg1 44. Qf7 Qh1+ 45. Kg3 Qg1+ 46. Kf3 Qd1+ 47.
Kg3 Qxd4 48. Qxe6 Qxe5+ 0-1

[Event "Early-Titled-Tuesday-Blitz-May-07-2024"]
[Site "Chess.com"]
[Date "2024.05.07"]
[Round "7"]
[White "ckgchess"]
[Black "FontVella8"]
[Result "1-0"]
[WhiteElo "2902"]
[BlackElo "2682"]
[TimeControl "180+1"]
[EndTime "9:22:05 PDT"]
[Termination "ckgchess won by resignation"]

1. e4 c6 2. d4 d5 3. e5 Bf5 4. h4 h5 5. c4 e6 6. Nc3 dxc4 7.
Bxc4 Nd7 8. Nge2 Ne7 9. Ng3 Qb6 10. O-O Rd8 11. Re1 Bg4 12. Qd3 Nf5 13. Bg5 Nxe5 14. Rxe5 Rxd4 15. Nxf5 Rxd3 16. Bxd3 f6 17. Rxe6+ Kd7 18.
Na4 Qa5 19. Re4 fxg5 20. Ne3 Be6 21. Rd1 Bd6 22. Bc4 Bxc4 23. Nxc4 Qxa4 24. Ne5+ Kc7 25. Rxa4 Bxe5 26. hxg5 a6 27. b3 Re8 28. g3 g6 29.
Re4 Re7 30. Kg2 c5 31. f4 Bd6 32. Rxe7+ Bxe7 33. Kf3 Kc6 34. Ke4 b5 35. Rc1 Bd6 36. f5 gxf5+ 37. Kxf5 Bxg3 38. g6 Bf2 39. g7 1-0

[Event "Early-Titled-Tuesday-Blitz-May-07-2024"]
[Site "Chess.com"]
[Date "2024.05.07"]
[Round "7"]
[White "ChristopherYoo"]
[Black "Shivananda1964"]
[Result "1-0"]
[WhiteElo "2993"]
[BlackElo "2407"]
[TimeControl "180+1"]
[EndTime "9:22:05 PDT"]
[Termination "ChristopherYoo won on time"]

1. d4 Nf6 2. Nf3 b5 3. g3 Bb7 4.
Bg2 e6 5. O-O c5 6. a4 b4 7. c3 Na6 8. Bg5 Be7 9. Nbd2 O-O 10.
Bxf6 Bxf6 11. e4 d6 12. e5 Be7 13. Qe2 d5 14. Rfd1 bxc3 15. bxc3 cxd4 16. cxd4 Nb4 17. Nb3 Ba6 18. Qd2 Rb8 19. Bf1 Bc4 20. Rdb1 Qc7 21. Qc3 Rfc8 22. Nbd2 Bxf1 23. Qxc7 Rxc7 24. Kxf1 Rbc8 25.
a5 a6 26. Ke2 Rc2 27. Rb3 h5 28. Ne1 R2c3 29. Rab1 Rxb3 30. Nxb3 Rc4 31. Nd2 Rxd4 32. Nef3 Rd3 33. Rc1 Ra3 34. Rc7 Bf8 35. Ng5 Rxa5 36. Nxf7 Ra2 37. Ng5 d4 38. Nxe6 Nd5 39. Rc8 Nc3+ 40.
Kd3 1-0

[Event "Early-Titled-Tuesday-Blitz-May-07-2024"]
[Site "Chess.com"]
[Date "2024.05.07"]
[Round "7"]
[White "Louis-Paulsen-Fan"]
[Black "noblerone"]
[Result "1-0"]
[WhiteElo "2370"]
[BlackElo "2498"]
[TimeControl "180+1"]
[EndTime "9:22:06 PDT"]
[Termination "Louis-Paulsen-Fan won by checkmate"]

1. d4 d5 2. Nf3 Nf6 3. c4 c6 4.
Nc3 dxc4 5. e4 b5 6. e5 Nd5 7. a4 e6 8. axb5 Nxc3 9. bxc3 cxb5 10. Ng5 Bb7 11. Qh5 g6 12. Qg4 Be7 13. Be2 h5 14.
Qg3 Bd5 15. O-O Nd7 16. Bf3 Nb6 17. Ne4 Bxe4 18. Bxe4 Nd5 19. Ba3 Bxa3 20. Rxa3 a5 21. Rfa1 Kf8 22. f4 Kg7 23. f5 exf5 24. Bxf5 b4 25.
cxb4 Nxb4 26. Rd1 h4 27. Qg4 h3 28. Be4 Ra6 29. d5 Rh4 30. Qf3 Qg5 31. d6 c3 32. d7 c2 33. Rf1 hxg2 34. Qxf7+ Kh6 35. Qf8+ Kh5 36. Bf3+ Rg4 37. Qh8+ Qh6 38. Bxg4+ Kg5 39. Qf6+ Kxg4 40. Qf3+ Kh4 41. Qg3+ Kh5 42. Qh3+ Kg5 43. Rg3# 1-0

[Event "Early-Titled-Tuesday-Blitz-May-07-2024"]
[Site "Chess.com"]
[Date "2024.05.07"]
[Round "7"]
[White "Doublekk14"]
[Black "ViralduS"]
[Result "0-1"]
[WhiteElo "2347"]
[BlackElo "2629"]
[TimeControl "180+1"]
[EndTime "9:22:06 PDT"]
[Termination "ViralduS won on time"]

1. c4 Nf6 2. Nc3 e6 3. e4 d5 4. exd5 exd5 5. d4 Be7 6. Nf3 O-O 7. Be2 dxc4 8. Bxc4 Nbd7 9. O-O Nb6 10. Bb3 Bg4 11.
h3 Bh5 12. g4 Bg6 13. Ne5 Nfd5 14. f4 Nxc3 15. bxc3 Be4 16. Qe2 Bd5 17. c4 Bc6 18. d5 Ba4 19. Be3 Bxb3 20. axb3 Re8 21. Qf2 Bd6 22.
Nf3 Nd7 23. Rab1 a5 24. Nd4 Qf6 25. Nf5 Rxe3 26. Nxe3 Nc5 27. Qb2 Qh6 28. Qh2 g6 29. g5 Qg7 30. Ng4 Nd7 31. Qb2 Bc5+ 32. Kg2 Bd4 33.
Qd2 h5 34. gxh6 Qh8 35. Rbd1 Bc5 36. Rfe1 f5 37. Ne5 Nf6 38. Nxg6 Qxh6 39. Ne7+ Kf7 40. Nxf5 Qg6+ 41. Ng3 Rg8 42. Qd3 Nh5 43. Qxg6+ Rxg6 44. Rd3 Nxf4+ 45. Kf3 Nxd3 46. Re4 Rf6+ 47. Kg4 Nf2+ 0-1